 Dungeon Crawl Stone Soup version 0.28-a0-1114-g8eb0198dcf (webtiles) character file.

Game seed: 8574451662763042000

4867 Decritt the Fighter (level 10, -9/94 HPs)
             Began as a Minotaur Fighter on Dec 11, 2021.
             Was an Elder of Okawaru.
             Mangled by a two-headed ogre (17 damage)
             ... on level 9 of the Dungeon.
             The game lasted 00:13:08 (8946 turns).

Decritt the Fighter (Minotaur Fighter)              Turns: 8946, Time: 00:13:09

Health: -9/94      AC: 15    Str: 24    XL:     10   Next: 26%
Magic:  11/11      EV:  9    Int:  5    God:    Okawaru [****..]
Gold:   353        SH:  5    Dex: 11    Spells: 9/9 levels left

rFire   . . .      SeeInvis .   m - +1 broad axe (freeze)
rCold   . . .      Faith    .   o - +0 buckler
rNeg    . . .      Spirit   .   l - +1 plate armour
rPois   .          Reflect  .   (helmet restricted)
rElec   .          Harm     .   h - +0 cloak
rCorr   .          Rampage  .   (no gloves)
Will    .....                   (no boots)
Stlth   ..........              (no amulet)
HPRegen 0.25/turn               (no ring)
MPRegen 0.12/turn               (no ring)

@: no status effects
A: horns 2, retaliatory headbutt
a: Renounce Religion, Heroism, Finesse


You were on level 9 of the Dungeon.
You worshipped Okawaru.
Okawaru was greatly pleased with you.
You visited 1 branch of the dungeon, and saw 9 of its levels.

You collected 353 gold pieces.

Inventory:

Hand Weapons
 a - a +0 war axe
 c - a +5 battleaxe
 m - a +1 broad axe of freezing (weapon)
Missiles
 p - a throwing net (quivered)
Armour
 b - a +0 scale mail
 h - a +0 cloak (worn)
 l - a +1 plate armour (worn)
 o - a +0 buckler (worn)
Jewellery
 d - a ring of fire
Wands
 k - a wand of acid (12)
 n - a wand of iceblast (29)
Scrolls
 e - a scroll of teleportation
 g - 2 scrolls of immolation
 t - 2 scrolls of fear
 u - a scroll of amnesia {unknown}
 w - a scroll of blinking {unknown}
 x - a scroll of fog {unknown}
Potions
 f - 2 potions of mutation
 i - 2 potions of ambrosia
 j - a potion of cancellation
 q - 2 potions of flight
 s - 2 potions of curing
 v - a potion of invisibility {unknown}


   Skills:
 * Level 10.4 Fighting
 * Level 10.1 Axes
 + Level 7.8 Armour
 + Level 5.7 Dodging
 - Level 6.5 Shields
 + Level 3.4 Invocations


You had 9 spell levels left.
You didn't know any spells.
Your spell library contained the following spells:

 Spells                   Type           Power      Damage    Failure   Level
 Corpse Rot               Necr/Air       0%         N/A       100%        2
 Poisonous Vapours        Pois/Air       0%         N/A       100%        2
 Passage of Golubria      Tloc           0%         N/A       100%        4
 Yara's Violent Unravell  Hex/Tmut       0%         3d3       100%        5
 Tukima's Dance           Hex            Unusable   N/A       N/A         3

Dungeon Overview and Level Annotations

Branches:
Dungeon (9/15)             Temple (0/1) D:6
   Lair: D:8-11         Orc: D:9-12

Altars:
Gozag
Okawaru

Annotations:
D:4 2 transporters


Innate Abilities, Weirdness & Mutations

You have a pair of horns on your head.
You reflexively headbutt those who attack you in melee.


Message History

(D) Dungeon (T) Temple
Where to? (Enter - D:8, ? - help)
(D) Dungeon (T) Temple
Where to? (Enter - D:8, ? - help)
Okay, then.
You can't go down here!
Unknown command.
(D) Dungeon (T) Temple
Where to? (Enter - D:8, ? - help)
There is a stone staircase leading down here.
You climb downwards.
There is a stone staircase leading up here.
You open the large door.
A gnoll sergeant and 2 orc warriors come into view.
The orc warrior shouts! x2; The gnoll sergeant shouts!
You hear two shouts!
A two-headed ogre comes into view. It is wielding two +0 giant clubs.
You hear a shout!
Found a ring mail and 14 poisoned darts.
You barely miss the orc warrior. Your headbutt misses the orc warrior.
You closely miss the orc warrior. Your headbutt misses the orc warrior.
You block the orc warrior's attack.
The two-headed ogre hits you with a +0 giant club!
The two-headed ogre hits you but does no damage.
You hit the two-headed ogre. You freeze the two-headed ogre.
The two-headed ogre is lightly wounded.
You closely miss the orc warrior.
The orc warrior hits you with a +0 dire flail!!
You hit the two-headed ogre. You freeze the two-headed ogre.
The two-headed ogre is lightly wounded.
You closely miss the orc warrior. You block the two-headed ogre's attack.
The two-headed ogre hits you with a +0 giant club!!
* * * LOW HITPOINT WARNING * * *
The gnoll sergeant hits you from afar with a +0 trident!
* * * LOW HITPOINT WARNING * * *
You block the orc warrior's attack.
There is a stone staircase leading up here.
The two-headed ogre hits you with a +0 giant club!!
* * * LOW HITPOINT WARNING * * *
The two-headed ogre hits you with a +0 giant club!
You die...

## ##+#
..#..# #.
#.#..#
♣..♣#.#..#
.([...'..#
.....g'o.+
#Oo# #@.#
#..# #..#
####


You could see a two-headed ogre and 2 orc warriors.

Vanquished Creatures
  2 two-headed ogres (D:8)
  Maggie (D:7)
  Grinder (D:4)
  A wyvern (D:7)
  2 steam dragons
  Menkaure (D:6)
  An acid dragon (D:5)
  4 sky beasts
  4 ice beasts
  2 black bears
  A necrophage (D:8)
  The ghost of ChaosChampion the Insei, an amateur OpTm (D:5)
  A phantom (D:6)
  2 bullfrogs
  2 scorpions (D:5)
  A gnoll sergeant (D:8)
  2 wyvern skeletons (D:7)
  3 wights
  4 jellies
  3 centaur zombies
  A hound (D:7)
  2 orc priests
  2 water moccasin simulacra (D:5)
  2 centaur skeletons
  2 bullfrog skeletons (D:6)
  A gnoll shaman (D:5)
  3 iguanas
  4 orc wizards
  A scorpion simulacrum (D:5)
  8 gnolls
  7 adders
  A howler monkey simulacrum (D:5)
  3 worms
  An adder simulacrum (D:5)
  5 dart slugs
  9 orcs
  4 endoplasms
  4 giant cockroaches
  7 goblins
  6 hobgoblins
  3 jackals (D:5)
  5 quokkas
  5 ball pythons
  6 bats
  5 frilled lizards
  6 kobolds
  8 rats
150 creatures vanquished.

Notes
Turn   | Place    | Note
-------+----------+-------------------------------------------
     0 | D:1      | Decritt the Minotaur Fighter began the quest for the Orb.
     0 | D:1      | Reached XP level 1. HP: 19/19 MP: 0/0
   195 | D:1      | Reached XP level 2. HP: 27/27 MP: 1/1
   742 | D:1      | Reached XP level 3. HP: 33/33 MP: 2/2
  1100 | D:2      | Found an opulent altar of Gozag.
  1141 | D:2      | Reached XP level 4. HP: 40/41 MP: 3/3
  1417 | D:3      | Noticed an ice beast
  1429 | D:3      | Killed an ice beast
  1430 | D:3      | Reached skill level 5 in Fighting
  1430 | D:3      | Reached XP level 5. HP: 34/48 MP: 4/4
  1598 | D:3      | Found a faded altar of an unknown god.
  2011 | D:4      | Noticed Grinder
  2021 | D:4      | Killed Grinder
  2022 | D:4      | Reached skill level 5 in Axes
  2022 | D:4      | Reached skill level 1 in Dodging
  2022 | D:4      | Reached XP level 6. HP: 16/57 MP: 5/5
  2382 | D:4      | Found a transporter.
  2483 | D:4      | Found a transporter.
  2527 | D:4      | Reached skill level 5 in Armour
  2527 | D:4      | Reached skill level 5 in Shields
  2560 | D:4      | Reached XP level 7. HP: 59/63 MP: 6/6
  2801 | D:5      | Entered Level 5 of the Dungeon
  2801 | D:5      | Found a runed translucent gate.
  2801 | D:5      | Found a runed translucent gate.
  2801 | D:5      | Found a runed translucent gate.
  3439 | D:5      | Noticed ChaosChampion's ghost (amateur OpTm)
  3669 | D:5      | Reached XP level 8. HP: 59/73 MP: 7/7
  4113 | D:5      | Killed ChaosChampion's ghost
  4397 | D:6      | Found an iron altar of Okawaru.
  4401 | D:6      | Became a worshipper of Warmaster Okawaru
  5142 | D:6      | HP: 2/68 [acid dragon/splash of acid (28)]
  5495 | D:5      | Reached * piety under Okawaru
  6050 | D:6      | Noticed Menkaure
  6059 | D:6      | Killed Menkaure
  6060 | D:6      | Reached XP level 9. HP: 34/82 MP: 8/8
  6371 | D:6      | Found a staircase to the Ecumenical Temple.
  6578 | D:7      | Reached skill level 1 in Invocations
  6801 | D:7      | Identified a scroll of acquirement
  6801 | D:7      | Acquired a +1 broad axe of freezing
  6919 | D:7      | Noticed Maggie
  6931 | D:7      | Killed Maggie
  7067 | D:7      | Reached ** piety under Okawaru
  7802 | D:8      | Noticed a two-headed ogre
  7810 | D:8      | Killed a two-headed ogre
  7810 | D:8      | Reached *** piety under Okawaru
  7811 | D:8      | Reached skill level 5 in Dodging
  8006 | D:8      | Noticed a two-headed ogre
  8012 | D:8      | Killed a two-headed ogre
  8012 | D:8      | Reached **** piety under Okawaru
  8013 | D:8      | Reached skill level 10 in Fighting
  8013 | D:8      | Reached XP level 10. HP: 70/93 MP: 11/11
  8275 | D:8      | Reached skill level 10 in Axes
  8938 | D:9      | Noticed a two-headed ogre
  8946 | D:9      | Mangled by a two-headed ogre

Illustrated notes

Levels and vault maps discovered:
D:1:      psy_arrival_spokes, layout_basic
D:2:      layout_basic, basic_altar
D:3:      layout_basic, ebering_ecumenical_altar_petrified, st_stairs_6
D:4:      gammafunk_cloud_chamber, layout_basic, st_stairs_3, eino_tiny_chamber,
          chequers_avenue, uniq_grinder
D:5:      layout_basic, gammafunk_ghost_icy
D:6:      layout_cave_pods, okawaru_trees_2, temple_hall, uniq_menkaure
D:7:      layout_basic, uniq_maggie
D:8:      layout_cave_pods, kennysheep_generic_room_8
D:9:      layout_stronghold, kennysheep_generic_room_5

Skill      XL: |  1  2  3  4  5  6  7  8  9 10 |
---------------+-------------------------------+-----
Fighting       | 4 5 6 7 8 10 | 10.4
Axes           | 3 4 5 6 8 9 10 | 10.1
Armour         | 4 5 6 7 |  7.8
Shields        | 4 5 6 |  6.5
Dodging        | 1 2 4 5 |  5.7
Invocations    | 3 |  3.4

Action                   |  1- 3 |  4- 6 |  7- 9 | 10-12 || total
-------------------------+-------+-------+-------+-------++-------
Melee: War axe           |    69 |    72 |   157 |       ||   298
       Headbutt          |     9 |    14 |    50 |     8 ||    81
       Battleaxe         |       |       |    22 |       ||    22
       Broad axe         |       |       |    41 |    43 ||    84
  Use: Potion            |       |     1 |     1 |       ||     2
       Scroll            |       |     2 |     8 |     2 ||    12
Armor: Scale mail        |    28 |    19 |       |       ||    47
       Plate armour      |       |    20 |   147 |    36 ||   203
Dodge: Dodged            |    26 |    28 |    78 |    21 ||   153
Block: Buckler           |    17 |    10 |    59 |    18 ||   104

Table legend: (Time is in decaauts)
 A = Elapsed time spent in this place.
 B = Non-inter-level travel time spent in this place.
 C = Inter-level travel time spent in this place.
 D = Time resting spent in this place.
 E = Time spent auto-exploring this place.
 F = Levels seen in this place.
 G = Mean time per level.
                   A        B        C        D        E       F      G
               +--------+--------+--------+--------+--------+-----+--------+
         Total |   9036 |   8758 |    278 |   1956 |   5554 |   9 | 1004.0 |
       Dungeon |   9036 |   8758 |    278 |   1956 |   5554 |   9 | 1004.0 |
               +--------+--------+--------+--------+--------+-----+--------+

Top non-repeatable levels by time:
     D:5: 2078 daAuts
     D:6: 1794 daAuts
     D:8: 1154 daAuts
     D:7: 1151 daAuts
     D:1: 886 daAuts
     D:4: 832 daAuts
     D:3: 569 daAuts
     D:2: 558 daAuts
     D:9: 10 daAuts
